 Dungeon Crawl Stone Soup version 0.29.1-15-g9cfb28693d (webtiles) character file.

Game seed: 4473101926158413494

9725 112233 the Thaumaturge (level 11, -6/62 HPs)
             Began as a Deep Elf Earth Elementalist on Feb 24, 2023.
             Was a Follower of Vehumet.
             Mangled by a cane toad (11 damage)
             ... on level 1 of the Lair of Beasts.
             The game lasted 00:12:11 (12604 turns).

112233 the Thaumaturge (DEEE)                      Turns: 12604, Time: 00:12:12

Health: -6/62      AC:  5    Str:  5    XL:     11   Next: 26%
Magic:  20/31      EV: 16    Int: 25    God:    Vehumet [*.....]
Gold:   385        SH:  0    Dex: 15    Spells: 13/38 levels left

rFire   . . .      SeeInvis +   B - +4 short sword
rCold   . . .      Faith    .   (no shield)
rNeg    . . .      Spirit   .   a - +0 robe
rPois   .          Reflect  .   x - +1 helmet {SInv}
rElec   .          Harm     .   (no cloak)
rCorr   .          Rampage  .   (no gloves)
Will    +....                   u - +0 pair of boots
Stlth   ++........              (no amulet)
HPRegen 0.20/turn               J - ring of wizardry
MPRegen 0.22/turn               I - ring of wizardry

@: no status effects
A: see invisible, deformed body, shaggy fur 1
a: Renounce Religion


You were on level 1 of the Lair of Beasts.
You worshipped Vehumet.
Vehumet was aware of your devotion.
You visited 3 branches of the dungeon, and saw 13 of its levels.
You also visited: Ossuary and Volcano.

You collected 561 gold pieces.
You spent 176 gold pieces at shops.

Inventory:

Hand Weapons
 r - a +3 dagger
 B - a +4 short sword (weapon)
 E - a +5 dagger
Armour
 a - a +0 robe (worn)
 e - a +0 buckler
 u - a +0 pair of boots (worn)
 x - a +1 helmet of see invisible (worn)
Jewellery
 h - a ring of ice
 i - a ring of see invisible
 k - a +4 ring of protection
 v - a ring of flight
 H - a +4 ring of protection
 I - a ring of wizardry (right hand)
 J - a ring of wizardry (left hand)
Wands
 o - a wand of quicksilver (5)
 q - a wand of paralysis (6)
 t - a wand of mindburst (12)
 K - a wand of roots (9)
Scrolls
 j - 9 scrolls of butterflies
 l - a scroll of torment
 n - 2 scrolls of brand weapon
 p - a scroll of blinking
 s - 2 scrolls of noise {unknown}
 w - 5 scrolls of teleportation
 y - 3 scrolls of fear
 z - 3 scrolls of enchant armour {unknown}
 F - a scroll of amnesia
 G - 3 scrolls of vulnerability {unknown}
Potions
 b - 2 potions of magic
 d - a potion of haste {unknown}
 f - 2 potions of brilliance
 g - a potion of invisibility
 m - a potion of resistance
 A - a potion of curing
 C - 2 potions of lignification {unknown}
 D - 5 potions of heal wounds


   Skills:
 + Level 4.9 Fighting
 + Level 7.8 Dodging
 - Level 2.5 Stealth
 + Level 2.5 Shields
 + Level 14.1 Spellcasting
 + Level 9.4 Conjurations
 - Level 1.2 Transmutations
 * Level 7.5 Earth Magic


You had 13 spell levels left.
You knew the following spells:

 Your Spells              Type           Power      Damage    Failure   Level
a - Stone Arrow           Conj/Erth      100%       3d13      1%          3
b - Lee's Rapid Deconstr  Erth           26%        3d15*     1%          5
c - Animate Armour        Summ/Erth      72%        N/A       1%          4
d - Statue Form           Tmut/Erth      26%        N/A       21%         6
e - Sandblast             Erth           100%       2d20      1%          1
f - Passwall              Tmut/Erth      32%        N/A       1%          2
g - Petrify               Tmut/Erth      39%        N/A       1%          4

Your spell library contained the following spells:

 Spells                   Type           Power      Damage    Failure   Level
 Freeze                   Ice            68%        1d8       1%          1
 Summon Small Mammal      Summ           68%        N/A       1%          1
 Static Discharge         Conj/Air       41%        3-9/arc   1%          2
 Leda's Liquefaction      Hex/Erth       18%        N/A       1%          4
 Call Canine Familiar     Summ           17%        N/A       2%          3
 Ozocubu's Armour         Ice            17%        N/A       2%          3
 Summon Guardian Golem    Hex/Summ       17%        N/A       2%          3
 Olgreb's Toxic Radiance  Pois           17%        N/A       9%          4
 Eringya's Noxious Bog    Tmut/Pois      10%        N/A       65%         6
 Lehudib's Crystal Spear  Conj/Erth      28%        10d8      82%         8
 Ozocubu's Refrigeration  Ice            8%         4d9       99%         7


Dungeon Overview and Level Annotations

Branches:
Dungeon (10/15)            Temple (1/1) D:7            Lair (2/5) D:8
Ossuary (visited)         Volcano (visited)
  Swamp: Lair:2-3    Shoals: Lair:2-3     Snake: Lair:2-3    Spider: Lair:2-3
    Orc: D:9-12

Altars:
Ashenzari
Cheibriados
Dithmenos
Elyvilon
Fedhas
Gozag
Hepliaklqana
Kikubaaqudgha
Makhleb
Nemelex Xobeh
Okawaru
Qazlal
Ru
Sif Muna
Trog
Uskayaw
Vehumet
Wu Jian
Xom
Yredelemnul
Zin
The Shining One
Lugonu

Shops:
D:9 ?!

Portals:
Abyss: D:7

Annotations:
D:6 Duvessa
D:7 2 runed translucent doors


Innate Abilities, Weirdness & Mutations

You have supernaturally acute eyesight. (SInv)
Armour fits poorly on your strangely shaped body.
You are covered in fur. (AC +1)


Message History

Aim: a cane toad (81% to hit)
The stone arrow hits the cane toad!
The cane toad is heavily wounded.
The blink frog croaks.
The blink frog blinks!
The cane toad stings you but does no damage.
Casting: Stone Arrow (safe; 1% risk of failure)
Confirm with . or Enter, or press ? or * to list all spells.
Aiming: Stone Arrow (safe; 1% risk of failure)
Press: ? - help, Shift-Dir - straight line, f/p - cane toad
Aim: a cane toad (heavily wounded, 81% to hit)
The stone arrow hits the cane toad!
The cane toad is severely wounded.
A blink frog comes into view.
The cane toad stings you!
Unknown command.
The blink frog barely misses you. The blink frog hits you.
The blink frog blinks!
The cane toad stings you!! The blink frog hits you!
* * * LOW HITPOINT WARNING * * *
The blink frog blinks! x2
You climb upwards.
There is a stone staircase leading down here.
Unknown command.
Casting: Stone Arrow (safe; 1% risk of failure)
Confirm with . or Enter, or press ? or * to list all spells.
Aiming: Stone Arrow (safe; 1% risk of failure)
Press: ? - help, Shift-Dir - straight line, f - cane toad
Aim: a cane toad (severely wounded, 81% to hit)
The stone arrow misses the cane toad.
The cane toad closely misses you.
Unknown command.
Unknown command.
Casting: Stone Arrow (safe; 1% risk of failure)
Confirm with . or Enter, or press ? or * to list all spells.
Aiming: Stone Arrow (safe; 1% risk of failure)
Press: ? - help, Shift-Dir - straight line, f/p - cane toad
Aim: a cane toad (severely wounded, 81% to hit)
The stone arrow misses the cane toad.
The cane toad stings you.
* * * LOW HITPOINT WARNING * * *
The cane toad stings you!
You die...

....#.....##......###.......#
#
##................##........#
#
≈#................#.........#
≈##.#####.........#.......###
# ~#### ##.............#####
# ≈# #.....##.......# # ###
###....#.......# # #.#
#.....##.....####### # ..##
#.....#.@....###...## # ...##
#...###.F...........## ≈..~##
###.##...###.........####
...~.# #.###..#
###..........> ≈.≈.≈##
##.....## ####P.......
~~~~~.# #...)..# #####.......
..♣...##
####[..######.###P##...#
.≈.~~.P###
##...........########
~~~.~.##.####..##P###.#.##
#...##


You could see a cane toad.

Vanquished Creatures
  Pikel (D:7)
  4 cane toads (Lair:1)
  Maggie (D:7)
  2 komodo dragons (Lair:1)
  5 blink frogs (Lair:1)
  Sigmund (D:2)
  A vampire (D:10)
  A wraith (D:10)
  A fire bat (Volcano)
  A wyvern (D:7)
  5 yaks
  2 steam dragons
  Menkaure (D:7)
  3 water moccasins (Lair:1)
  2 hell hounds (Lair:1)
  4 black bears
  A sky beast (D:7)
  2 orc warriors
  An ice beast (D:7)
  An ogre (D:5)
  8 wolves (Lair:1)
  A centaur (D:9)
  3 lemures (D:7)
  2 phantoms
  3 kobold brigands
  5 bullfrogs
  A necrophage (D:7)
  A gnoll sergeant (D:8)
  2 scorpions
  5 wights (D:5)
  7 centaur zombies (Ossuary)
  2 lava snakes (Volcano)
  4 jellies
  4 orc priests
  3 hounds
  3 gnoll boudas
  2 iguanas
  Jessica (D:2)
  7 orc wizards
  5 mummies (Ossuary)
  20 gnolls
  6 adders
  A white imp (D:5)
  5 worms
  43 orcs
  2 endoplasms
  3 giant cockroaches
  10 hobgoblins
  8 jackals (D:2)
  A quokka (D:2)
  2 ball pythons
  6 bats
  3 frilled lizards
  12 goblins
  3 hobgoblin zombies (Ossuary)
  19 kobolds
  8 rats
261 creatures vanquished.

Vanquished Creatures (others)
  An orc (D:7)
  20 fungi
  20 plants
41 creatures vanquished.

Grand Total: 302 creatures vanquished

Notes
Turn   | Place    | Note
-------+----------+-------------------------------------------
     0 | D:1      | 112233 the Deep Elf Earth Elementalist began the quest for
                  | the Orb.
     0 | D:1      | Reached XP level 1. HP: 10/10 MP: 6/6
   380 | D:1      | Reached XP level 2. HP: 15/15 MP: 5/8
   385 | D:1      | Reached skill level 4 in Spellcasting
   456 | D:1      | Learned a level 2 spell: Passwall
  1116 | D:2      | Reached XP level 3. HP: 16/19 MP: 4/11
  1195 | D:2      | Noticed Jessica
  1197 | D:2      | Killed Jessica
  1198 | D:2      | Reached skill level 5 in Spellcasting
  1349 | D:2      | Reached XP level 4. HP: 21/24 MP: 9/13
  1692 | D:2      | Reached skill level 6 in Spellcasting
  1898 | D:2      | Found a faded altar of an unknown god.
  1902 | D:2      | Noticed Sigmund
  1909 | D:2      | Killed Sigmund
  1910 | D:2      | Reached skill level 8 in Spellcasting
  1910 | D:2      | Reached XP level 5. HP: 28/28 MP: 11/17
  1910 | D:2      | Reached XP level 6. HP: 32/32 MP: 12/19
  2395 | D:3      | Learned a level 4 spell: Petrify
  2510 | D:3      | Learned a level 3 spell: Stone Arrow
  2521 | D:3      | Reached skill level 9 in Spellcasting
  2684 | D:3      | Found a sacrificial altar of Ru.
  2984 | D:3      | Found a glowing silver altar of Zin.
  3221 | D:4      | Found a white marble altar of Elyvilon.
  3521 | D:4      | Reached skill level 10 in Spellcasting
  3522 | D:4      | Reached XP level 7. HP: 36/36 MP: 18/22
  3628 | D:5      | Entered Level 5 of the Dungeon
  3661 | D:5      | Found a hide-covered altar of Uskayaw.
  3925 | D:5      | Reached skill level 11 in Spellcasting
  4576 | D:5      | Reached skill level 1 in Conjurations
  4576 | D:5      | Reached XP level 8. HP: 42/42 MP: 21/25
  4614 | D:5      | Reached skill level 12 in Spellcasting
  4788 | D:5      | Reached skill level 1 in Fighting
  5463 | D:6      | Noticed Duvessa
  5463 | D:6      | You are sucked into a shaft and drop 1 floor!
  5487 | D:7      | Found a sand-covered staircase.
  5493 | Ossuary  | Entered an ossuary
  5536 | Ossuary  | Gained mutation: Armour fits poorly on your strangely
                  | shaped body. [potion of mutation]
  5536 | Ossuary  | Gained mutation: You are covered in fur. (AC +1) [potion of
                  | mutation]
  5536 | Ossuary  | Gained mutation: You have supernaturally acute eyesight.
                  | (SInv) [potion of mutation]
  5980 | D:7      | Identified the +1 leather armour of Compression {rC+ Str+4}
  5988 | D:7      | Noticed Menkaure
  5994 | D:7      | Killed Menkaure
  5995 | D:7      | Reached XP level 9. HP: 15/48 MP: 15/27
  6355 | D:7      | Noticed Pikel
  6360 | D:7      | Killed Pikel
  6361 | D:7      | Reached skill level 5 in Conjurations
  6361 | D:7      | Reached skill level 5 in Earth Magic
  6463 | D:7      | Reached skill level 5 in Dodging
  6625 | D:7      | Found a one-way gate to the infinite horrors of the Abyss.
  6717 | D:7      | Found a large runed translucent door.
  6717 | D:7      | Found a large runed translucent door.
  6722 | D:7      | Found a corrupted altar of Lugonu.
  6859 | D:7      | Noticed Maggie
  6865 | D:7      | Killed Maggie
  6866 | D:7      | Reached skill level 13 in Spellcasting
  6954 | D:7      | Found a staircase to the Ecumenical Temple.
  6969 | Temple   | Entered the Ecumenical Temple
  7720 | D:8      | Learned a level 5 spell: Lee's Rapid Deconstruction
  8050 | D:8      | Reached XP level 10. HP: 53/56 MP: 5/29
  8177 | D:8      | Found a staircase to the Lair.
  9121 | D:9      | Found a radiant altar of Vehumet.
  9124 | D:9      | Found a stormy altar of Qazlal.
  9153 | D:9      | Found an ornate altar of the Wu Jian Council.
  9225 | D:9      | Became a worshipper of Vehumet
  9321 | D:9      | Found Cygiasy's Distillery.
  9385 | D:9      | Bought a potion of heal wounds for 80 gold pieces
  9385 | D:9      | Bought a potion of curing for 48 gold pieces
  9385 | D:9      | Bought a potion of curing for 48 gold pieces
  9524 | D:9      | Found Vet Uter's Magic Scroll Emporium.
  9568 | D:9      | Got Jest's Tome of the Filthy Sky
  9628 | D:9      | Learned a level 4 spell: Animate Armour
 10053 | D:10     | Entered Level 10 of the Dungeon
 10374 | D:10     | Found an iron altar of Okawaru.
 10407 | D:10     | Noticed a boulder beetle
 10466 | Lair:1   | Entered Level 1 of the Lair of Beasts
 10514 | Lair:1   | Reached skill level 1 in Shields
 10579 | Lair:1   | Reached * piety under Vehumet
 10579 | Lair:1   | Offered knowledge of Freeze by Vehumet.
 10887 | Lair:1   | Noticed a cane toad
 10993 | Lair:1   | Found a dark tunnel.
 11019 | Lair:1   | Learned a level 6 spell: Statue Form
 11022 | Volcano  | Entered a volcano
 11474 | Lair:1   | Reached XP level 11. HP: 15/62 MP: 3/30
 11771 | Lair:1   | Reached skill level 14 in Spellcasting
 12604 | Lair:1   | Mangled by a cane toad

Illustrated notes

Levels and vault maps discovered:
D:1:      mainiacjoe_arrival_reflecting_pool, layout_basic,
          minmay_close_crescents
D:2:      minmay_diamond_boxcup, layout_loops_ring,
          shapermc_ecumenical_altar_mp_highgroup, uniq_jessica, uniq_sigmund
D:3:      layout_loops_ring, mainiacjoe_overflow_brackets, zin_treasury
D:4:      layout_basic, mainiacjoe_overflow_boulevard
D:5:      layout_layer_cave, mainiacjoe_overflow_small_starburst
D:6:      layout_basic, nicolae_lava_and_water, uniq_duvessa
D:7:      due_chaos_kobolds, layout_cave_pools, minmay_temple_entry_tees,
          nicolae_ossuary_entry_plus, minmay_misc_feat_rows, uniq_pikel,
          uniq_menkaure, uniq_maggie
D:8:      layout_loops_ring, grunt_lair_entry_orc_guard_hut
D:9:      layout_irregular_city, nzn_wu_jian_contemplation, minitemple,
          serial_shops, nicolae_take_the_stairs, nicolae_stop_n_shop_1,
          dreamdust_princess_corridor
D:10:     layout_roguey, mainiacjoe_overflow_cross_hatched, orc_0_dummy,
          enter_bailey_5, amcnicky_mini_rare_corridor_liquid
Temple:   dpeg_chambers_temple
Lair:1:   layout_misc_corridors, enter_volcano_3, serial_rivers,
          chequers_serial_rivers_room_b, chequers_serial_rivers_room_b,
          chequers_serial_rivers_marsh, chequers_serial_rivers_marsh
Lair:2:   layout_concentric_octagons, spider_nest_entry_web_field,
          serial_forest, infiniplex_forest_clump_diagonal,
          infiniplex_forest_clump_long, infiniplex_forest_clump_tiny,
          infiniplex_forest_end_1, infiniplex_forest_lined_room_,
          infiniplex_forest_end_3

Skill      XL: |  1  2  3  4  5  6  7  8  9 10 11 |
---------------+----------------------------------+-----
Spellcasting   | 4 5 8 10 11 12 13 14 | 14.1
Conjurations   | 1 4 7 9 |  9.4
Dodging        | 4 6 7 |  7.8
Fighting       | 2 3 4 |  4.9
Earth Magic    | 4 6 7 |  7.5
Shields        | 2 |  2.5
Stealth        | |  2.5
Transmutations | |  1.2

Action                   |  1- 3 |  4- 6 |  7- 9 | 10-12 || total
-------------------------+-------+-------+-------+-------++-------
Melee: Unarmed           |     4 |       |       |       ||     4
       Short sword       |       |       |    10 |       ||    10
 Cast: Sandblast         |    44 |   108 |    64 |     7 ||   223
       Stone Arrow       |       |       |   113 |   127 ||   240
       Statue Form       |       |       |       |     2 ||     2
       Lee's Rapid Decon |       |       |       |     2 ||     2
Evoke: Wand              |       |       |     6 |     4 ||    10
  Use: Potion            |       |       |     9 |     1 ||    10
       Scroll            |       |       |     2 |     7 ||     9
 Stab: Paralysed         |       |       |     2 |       ||     2
Armor: Robe              |     6 |     7 |   102 |    16 ||   131
       Skin              |       |       |       |     3 ||     3
Dodge: Dodged            |    13 |    34 |   215 |    49 ||   311
